 Dungeon Crawl Stone Soup version 0.19.5 (webtiles) character file.

85 Phtor the Ruffian (level 4, -3/35 HPs)
             Began as a Draconian Transmuter on May 12, 2017.
             Slain by a scorpion (7 damage)
             ... on level 2 of the Dungeon.
             The game lasted 00:03:44 (2061 turns).

Phtor the Ruffian (Draconian Transmuter)            Turns: 2061, Time: 00:03:45

Health: -3/35      AC:  6    Str: 13    XL:     4   Next: 25%
Magic:  4/7        EV: 12    Int: 13    God:
Gold:   125        SH:  0    Dex: 12    Spells: 2 memorised, 5 levels left

rFire  . . .     SeeInvis .       - Unarmed
rCold  . . .     Gourm    .     (armour unavailable)
rNeg   . . .     Faith    .     (no shield)
rPois  .         Spirit   .     g - +1 hat
rElec  .         Reflect  .     (no cloak)
rCorr  .         Harm     .     (no gloves)
MR     .....                    (boots currently unavailable)
Stlth  +.........               (no amulet)
                                (no ring)
                                (no ring)

@: lethally poisoned (-3 -> -8), appendage (expiring), very slightly
contaminated
A: unfitting armour, talons 3, cold-blooded, AC +5
a: End Transformation


You were on level 2 of the Dungeon.
You were not hungry.
You had grown temporary talons.
You visited 1 branch of the dungeon, and saw 2 of its levels.

You collected 125 gold pieces.

Inventory:

Missiles
 a - 23 arrows
Armour
 g - a +1 hat (worn)
Jewellery
 e - an uncursed ring of wizardry {unknown}
Scrolls
 d - 3 scrolls of identify {unknown}
 f - 2 scrolls of remove curse {unknown}
 i - a scroll of recharging {unknown}
 j - a scroll of enchant weapon {unknown}
 k - a scroll of enchant armour {unknown}
 l - 3 scrolls of teleportation {unknown}
Potions
 m - 2 potions of beneficial mutation {unknown}
Books
 b - a book of Changes

   Spells                             Type                      Level
   a - Beastly Appendage              Transmutation                1
   b - Sticks to Snakes               Transmutation                2
   c - Spider Form                    Transmutation/Poison         3
   d - Ice Form                       Ice/Transmutation            4
   e - Blade Hands                    Transmutation                5
Comestibles
 c - a bread ration
 h - 2 slices of pizza


   Skills:
 + Level 1.2 Fighting
 + Level 1.9 Dodging
 + Level 0.2 Stealth
 + Level 4.4 Unarmed Combat
 + Level 2.5 Spellcasting
 + Level 2.2 Transmutations


You had 5 spell levels left.
You knew the following spells:

 Your Spells              Type           Power        Failure   Level  Hunger
a - Beastly Appendage     Tmut           #.....       12%         1    #......
b - Sticks to Snakes      Tmut           #.......     17%         2    ###....


Dungeon Overview and Level Annotations

Branches:
Dungeon (2/15)

Altars:
Gozag
Makhleb


Innate Abilities, Weirdness & Mutations

Your plain brown scales are hard. (AC +5)
You cannot fit into any form of body armour.
You are cold-blooded and may be slowed by cold attacks.
You have claws for feet.


Message History

* * * LOW HITPOINT WARNING * * *
You feel sick. The scorpion stings you.
* * * LOW HITPOINT WARNING * * *
You hit the scorpion.
The scorpion is severely wounded.
The scorpion barely misses you.
You hit the scorpion but do no damage. Your kick misses the scorpion.
The scorpion is severely wounded.
* * * LOW HITPOINT WARNING * * *
You feel sick. The scorpion closely misses you.
You hit the scorpion but do no damage.
You claw the scorpion, but do no damage.
The scorpion is severely wounded.
The scorpion stings you but does no damage.
You hit the scorpion.
You claw the scorpion, but do no damage.
The scorpion is severely wounded.
* * * LOW HITPOINT WARNING * * *
You feel sick. The scorpion stings you!
You die...

# ##.# ##.#........ # #####..#
...###...... ####
###.....###.#####...... ...###
....#........<.##......
##...#####.###...).....>..#......
####.......##....................
####.......##..............##....
.....#####..>...s...<......#.....
###........##...@............#.#.
......####...................#.#.
#####...######............##.....
## ###.#####....................
.# #.......#.................. .#
#####......................
.######........................#.
.........#.##..................#.
..............##.................


You could see a scorpion.

Vanquished Creatures
  3 adders (D:2)
  An ooze (D:2)
  3 dart slugs
  2 leopard geckos (D:1)
  A ball python (D:2)
  2 bats (D:2)
  A giant cockroach (D:1)
  9 goblins
  6 hobgoblins
  2 jackals (D:2)
  A quokka (D:2)
  6 frilled lizards
  4 kobolds
  4 rats
45 creatures vanquished.

Vanquished Creatures (collateral kills)
  A bat (D:2)
1 creature vanquished.

Grand Total: 46 creatures vanquished

Notes
Turn   | Place    | Note
-------+----------+-------------------------------------------
     0 | D:1      | Phtor the Draconian Transmuter began the quest for the Orb.
     0 | D:1      | Reached XP level 1. HP: 16/16 MP: 3/3
    54 | D:1      | Reached XP level 2. HP: 15/23 MP: 5/5
   158 | D:1      | Learned a level 2 spell: Sticks to Snakes
   716 | D:2      | Reached skill level 4 in Unarmed Combat
   716 | D:2      | Reached XP level 3. HP: 12/28 MP: 0/6
  1016 | D:2      | Found an opulent altar of Gozag.
  1823 | D:2      | Found a burning altar of Makhleb.
  1936 | D:2      | Reached XP level 4. HP: 35/35 MP: 7/7
  2061 | D:2      | Slain by a scorpion

Skill      XL: |  1  2 |
---------------+-------+-----
Unarmed Combat | 4 |  4.4
Fighting       | |  1.2
Dodging        | |  1.9
Stealth        | |  0.2
Spellcasting   | |  2.5
Transmutations | |  2.2

Action                   |  1- 3 |  4- 6 || total
-------------------------+-------+-------++-------
Melee: Unarmed           |   116 |    40 ||   156
       Kick              |     9 |     3 ||    12
       Punch             |     3 |     2 ||     5
       Tailslap          |     6 |     6 ||    12
       Headbutt          |     2 |       ||     2
 Cast: Beastly Appendage |    21 |     2 ||    23
       Sticks to Snakes  |     2 |       ||     2
 Stab: Sleeping          |     1 |       ||     1
  Eat: Chunk             |     4 |       ||     4
Armor: Skin              |    31 |    20 ||    51
Dodge: Dodged            |    74 |    26 ||   100
